[Event "Team 45 45 League T45"]
[Site "Internet Chess Club"]
[Date "2010.05.17"]
[Round "2"]
[White "isolani"]
[Black "clarinetref"]
[Result "1/2-1/2"]
[WhiteElo "1493"]
[BlackElo "1655"]
[Opening "King's Indian: 5.Nf3"]
[ECO "E90"]
[Time "21:00:08"]
[TimeControl "2700+45"]

1. d4 Nf6 2. Nf3 g6 3. c4 d6 4. Nc3 Bg7 5. e4 e5 6. dxe5 dxe5 7. Qxd8+ Kxd8 8.
Nxe5 Ke7 9. Bg5 h6 10. Nd5+ Ke6 11. Bxf6 Bxf6 12. Ng4 Bxb2 13. Rb1 Bd4 14. Be2
Na6 15. c5 c6 16. Bxa6 cxd5 17. exd5+ Kxd5 18. Bxb7+ Bxb7 19. Rxb7 Rhe8+ 20. Kd2
h5 21. Rd7+ Kc6 22. Rxd4 hxg4 23. Rxg4 Rad8+ 24. Kc3 Re2 25. Rd4 Rde8 26. Rhd1
Rxf2 27. Rd6+ Kb5 28. a4+ Ka5 29. R1d2 Rf4 30. R6d4 Rf5 31. Kc4 Rc8 32. Rd5 Rf4+
33. R2d4 Rf2 34. Rd2 Rf4+ 35. R2d4 Rf2 {Game drawn by mutual agreement} 1/2-1/2

[Event "Team 45 45 League T45"]
[Site "Internet Chess Club"]
[Date "2010.05.15"]
[Round "2"]
[White "tryanything"]
[Black "RayF"]
[Result "0-1"]
[WhiteElo "1531"]
[BlackElo "1641"]
[Opening "King's Indian: Petrosian system, Stein variation"]
[ECO "E92"]
[Time "04:19:31"]
[TimeControl "2700+45"]

1. d4 Nf6 2. c4 g6 3. Nc3 Bg7 4. e4 d6 5. Nf3 O-O 6. Be2 e5 7. d5 a5 8. O-O c6
9. h3 cxd5 10. cxd5 Nbd7 11. Be3 b6 12. a3 Nc5 13. Nd2 Bd7 14. b4 axb4 15. axb4
Nb7 16. Qb3 Rb8 17. Ra7 Qe7 18. Rfa1 Rfc8 19. Ba6 Be8 20. Bxb6 Bh6 21. Nc4 Bf8
22. f3 Nh5 23. Ne2 Nf4 24. Nxf4 exf4 25. Nxd6 Qxd6 26. Rxb7 Rxb7 27. Bxb7 Qxb6+
28. Kh2 Qxb7 29. Rb1 Rb8 {White resigns} 0-1

[Event "Team 45 45 League T45"]
[Site "Internet Chess Club"]
[Date "2010.05.14"]
[Round "2"]
[White "carambola"]
[Black "tightfist"]
[Result "1-0"]
[WhiteElo "1370"]
[BlackElo "1483"]
[Opening "Queen's Pawn"]
[ECO "B07"]
[Time "21:05:39"]
[TimeControl "2700+45"]

1. d4 d6 2. e4 b6 3. Nf3 Bb7 4. Bd3 e6 5. O-O Nf6 6. Nc3 Nbd7 7. b3 Be7 8. Bf4
O-O 9. h3 c5 10. e5 dxe5 11. dxe5 Nd5 12. Nxd5 exd5 13. c3 Rc8 14. Qc2 g6 15.
Rfd1 c4 16. bxc4 dxc4 17. Be4 Bxe4 18. Qxe4 Qe8 19. Bh6 Bf6 20. Bxf8 Nxf8 21.
Qe1 Bg7 22. Rd5 Ne6 23. a4 Nc5 24. a5 Nd3 25. Qe2 Qe6 26. Rd6 Qf5 27. axb6 axb6
28. Nd4 Qg5 29. e6 Qe7 30. Rd7 Qf6 31. exf7+ Kf8 32. Ne6+ {Black resigns} 1-0

[Event "Team 45 45 League T45"]
[Site "Internet Chess Club"]
[Date "2010.05.22"]
[Round "2"]
[White "tourettes"]
[Black "Grenadier"]
[Result "1-0"]
[WhiteElo "1514"]
[BlackElo "1673"]
[Opening "King's pawn opening"]
[ECO "B07"]
[Time "08:04:25"]
[TimeControl "2700+45"]

1. e4 d6 2. Nc3 g6 3. g3 Bg7 4. Bg2 c5 5. Nge2 Nc6 6. O-O Nf6 7. d3 O-O 8. h3
Bd7 9. Be3 Qc8 10. Kh2 e5 11. Qd2 Nd4 12. f4 Nh5 13. g4 Nxe2 14. Nxe2 Nxf4 15.
Nxf4 exf4 16. Bxf4 Bxb2 17. Rab1 Be5 18. Kh1 Rb8 19. Bh6 Re8 20. c3 Bc6 21. Qf2
Qe6 22. d4 Bxd4 23. cxd4 Bxe4 24. Bxe4 Qxe4+ 25. Kg1 Qxd4 26. Qxd4 cxd4 27. Rf4
d3 28. Rd4 Re6 29. Rxd3 b5 30. Bf4 a5 31. Rxd6 Rxd6 32. Bxd6 Rd8 33. Bc7 Rd2 34.
Bxa5 Rxa2 35. Rxb5 Ra3 36. Bb4 Rxh3 37. Kg2 Rb3 38. Rb8+ Kg7 39. Bf8+ {Black
resigns} 1-0

[Event "Team 45 45 League T45"]
[Site "Internet Chess Club"]
[Date "2010.05.15"]
[Round "2"]
[White "GoIrish"]
[Black "vollmerj"]
[Result "0-1"]
[WhiteElo "1547"]
[BlackElo "1663"]
[Opening "Réti opening"]
[ECO "A04"]
[Time "06:30:30"]
[TimeControl "2700+45"]

1. Nf3 c6 2. g3 g6 3. Bg2 Bg7 4. O-O Nf6 5. d4 d5 6. Nbd2 O-O 7. c3 Re8 8. Qc2
Nbd7 9. e4 dxe4 10. Nxe4 Nxe4 11. Qxe4 e5 12. Qc2 exd4 13. Nxd4 Nf8 14. Be3 Ne6
15. Rad1 Nxd4 16. cxd4 Be6 17. Rd2 Bd5 18. Rfd1 Bxg2 19. Kxg2 Qd5+ 20. Kg1 Qxa2
21. b3 Qxc2 22. Rxc2 Red8 23. Rc5 Rd7 24. d5 Rad8 25. Rd2 Bf8 26. Rcc2 Rxd5 27.
Rxd5 Rxd5 28. Bxa7 Rd3 29. Rb2 Bg7 30. Rb1 Bd4 31. Bxd4 Rxd4 32. b4 Kf8 33. b5
c5 34. Rc1 b6 35. Kf1 Rb4 {White resigns} 0-1

[Event "Team 45 45 League T45"]
[Site "Internet Chess Club"]
[Date "2010.05.13"]
[Round "2"]
[White "jrichman38"]
[Black "Kingangyal"]
[Result "1-0"]
[WhiteElo "1577"]
[BlackElo "1477"]
[Opening "Réti opening"]
[ECO "A04"]
[Time "19:02:06"]
[TimeControl "2700+45"]

1. Nf3 d6 2. d4 g6 3. c4 Bg7 4. Nc3 Bg4 5. Bf4 c5 6. dxc5 Bxc3+ 7. bxc3 Bxf3 8.
gxf3 dxc5 9. Qxd8+ Kxd8 10. Rb1 b6 11. Rd1+ Nd7 12. Bh3 f5 13. e4 e6 14. Be5 Ke7
15. Bxh8 Nh6 16. Bg7 Nf7 17. exf5 exf5 18. O-O Ng5 19. Rfe1+ Ne6 20. Bh6 Nb8 21.
Bf4 Kf7 22. Bxb8 Rxb8 23. Rd7+ Kf6 24. Rd6 Re8 25. f4 h6 26. Bg2 {Black resigns}
1-0

[Event "Team 45 45 League T45"]
[Site "Internet Chess Club"]
[Date "2010.05.15"]
[Round "2"]
[White "Esslinger"]
[Black "crankn8tr"]
[Result "1-0"]
[WhiteElo "1388"]
[BlackElo "1452"]
[Opening "QGD: Tarrasch defense"]
[ECO "D32"]
[Time "12:02:27"]
[TimeControl "2700+45"]

1. d4 d5 2. c4 e6 3. Nc3 c5 4. cxd5 exd5 5. Nf3 Nf6 6. Bg5 Be7 7. e3 O-O 8. Be2
cxd4 9. Nxd4 Ne4 10. Bxe7 Qxe7 11. Nxe4 dxe4 12. O-O Rd8 13. Qc2 Nd7 14. Rac1
Nf6 15. Rfd1 Be6 16. Nxe6 Rxd1+ 17. Rxd1 fxe6 18. Qb3 Nd5 19. Bc4 Rd8 20. Bxd5
exd5 21. Rxd5 Rxd5 22. Qxd5+ Kf8 23. Qf5+ Kg8 24. Qc8+ Kf7 25. Qc4+ Kf8 26. Kf1
b6 27. Ke2 g6 28. Qd4 Ke8 29. Kd2 Qh4 30. g3 Qxh2 31. Qxe4+ Kd7 32. Qd5+ Kc7 33.
Qc4+ Kb8 34. Qe2 Qh1 35. Kc3 Qc6+ 36. Qc4 Qf6+ 37. Kd3 Qxb2 38. Qg8+ Kb7 39.
Qxh7+ Ka6 40. Qf7 Qb5+ 41. Qc4 Qxc4+ 42. Kxc4 Kb7 43. f4 Kc6 44. e4 Kd6 45. Kb5
Kc7 46. f5 gxf5 47. exf5 Kd7 48. g4 {Black resigns} 1-0

[Event "Team 45 45 League T45"]
[Site "Internet Chess Club"]
[Date "2010.05.13"]
[Round "2"]
[White "Terte"]
[Black "NFork"]
[Result "1-0"]
[WhiteElo "2020"]
[BlackElo "2310"]
[Opening "Alekhine's defense: modern, Panov variation"]
[ECO "B05"]
[Time "04:00:07"]
[TimeControl "2700+45"]

1. e4 Nf6 2. e5 Nd5 3. d4 d6 4. Nf3 Bg4 5. h3 Bh5 6. Be2 e6 7. O-O Nc6 8. Re1
dxe5 9. Nxe5 Bxe2 10. Rxe2 Nxe5 11. dxe5 Bc5 12. Bd2 Qh4 13. Nc3 Nf4 14. Bxf4
Qxf4 15. Qd2 Qxd2 16. Rxd2 Rd8 17. Rad1 Ke7 18. Ne4 Bb6 19. c4 Ba5 20. Rxd8 Rxd8
21. Rxd8 Kxd8 22. a3 a6 23. c5 c6 24. Nd6 Bd2 25. Nxf7+ Kc7 26. Nd6 Bc1 27. Nc4
g5 28. g3 h5 29. Kf1 g4 30. h4 a5 31. b4 Kb8 32. Ke2 Ka7 33. Kd1 Bh6 34. Nxa5
Ka6 35. a4 Bf8 36. Nc4 b5 37. cxb6 Bxb4 38. a5 Bc5 39. Ke2 Kb5 40. b7 Ba7 41.
Nd6+ Kxa5 42. f3 gxf3+ 43. Kxf3 Bb8 44. g4 hxg4+ 45. Kxg4 Kb6 46. h5 Kc7 47. h6
{Black resigns} 1-0

[Event "Team 45 45 League T45"]
[Site "Internet Chess Club"]
[Date "2010.05.13"]
[Round "2"]
[White "GreatPelle"]
[Black "BadHabitMarco"]
[Result "1-0"]
[WhiteElo "2009"]
[BlackElo "1853"]
[Opening "Blackmar gambit"]
[ECO "D00"]
[Time "09:30:37"]
[TimeControl "2700+45"]

1. d4 d5 2. e4 dxe4 3. Nc3 e5 4. Qh5 Nc6 5. dxe5 g6 6. Qe2 Bb4 7. Bd2 Nd4 8. Qd1
Bf5 9. g4 Bxg4 10. Qxg4 Nxc2+ 11. Kd1 Nxa1 12. Qxe4 Bxc3 13. bxc3 Ne7 14. Bg2
O-O 15. Nf3 Nd5 16. Ke2 c6 17. Rxa1 Qb6 18. Qd4 Qa6+ 19. Ke1 Rad8 20. Bf1 Qa3
21. Rd1 Rfe8 22. Be2 Qxa2 23. Bc4 Qa5 24. Bxd5 Qxd5 25. Bg5 Qxd4 26. cxd4 Rd5
27. Rb1 b5 28. Ra1 Ra8 29. Ra6 b4 30. Rxc6 a5 31. Rb6 Rc8 32. Be7 Rd7 33. Bc5
Kg7 34. Ra6 Rb7 35. Rxa5 b3 36. Ra1 b2 37. Rb1 Rb3 38. Nd2 Rh3 39. Rxb2 Rxh2 40.
Ne4 Ra8 41. Rd2 Ra1+ 42. Ke2 Rhh1 43. d5 Rae1+ 44. Kd3 Rh3+ 45. Be3 f5 46. exf6+
Kf8 47. Kd4 Rc1 48. Ke5 Rc8 49. Bc5+ Rxc5 50. Nxc5 Rf3 51. Ne6+ Ke8 52. Ra2 Rf5+
53. Kd6 Kf7 54. Ra8 Kxf6 55. Rf8# {Black checkmated} 1-0

[Event "Team 45 45 League T45"]
[Site "Internet Chess Club"]
[Date "2010.05.16"]
[Round "2"]
[White "koni"]
[Black "Erle"]
[Result "0-1"]
[WhiteElo "1915"]
[BlackElo "1880"]
[Opening "Queen's pawn game"]
[ECO "D02"]
[Time "13:00:21"]
[TimeControl "2700+45"]

1. Nf3 d5 2. d4 e6 3. c4 f5 4. Bf4 c6 5. e3 Nf6 6. Nc3 Bd6 7. Bxd6 Qxd6 8. Bd3
Nbd7 9. O-O O-O 10. cxd5 Nxd5 11. Rc1 b6 12. Nxd5 exd5 13. Qc2 Nb8 14. Ne5 c5
15. f4 c4 16. Be2 Nd7 17. Bxc4 dxc4 18. Qxc4+ Kh8 19. Nf7+ Rxf7 20. Qxf7 Nf6 21.
Rc7 Bd7 22. Rfc1 Rf8 23. Qc4 Nd5 24. Rxa7 Nxe3 25. Qd3 Ng4 26. h3 Qxf4 27. Rcc7
Qf2+ 28. Kh1 Qe1+ 29. Qf1 Qxf1# {White checkmated} 0-1

[Event "Team 45 45 League T45"]
[Site "Internet Chess Club"]
[Date "2010.05.19"]
[Round "2"]
[White "LucaTrapani"]
[Black "poni"]
[Result "0-1"]
[WhiteElo "2130"]
[BlackElo "1980"]
[Opening "Old Indian defense"]
[ECO "A42"]
[Time "13:02:26"]
[TimeControl "2700+45"]

1. d4 d6 2. c4 e5 3. d5 f5 4. Nf3 Be7 5. Nc3 Nf6 6. Qc2 O-O 7. e4 fxe4 8. Nxe4
Nxe4 9. Qxe4 Bf5 10. Qe3 Nd7 11. Bd3 Bxd3 12. Qxd3 Nc5 13. Qe2 e4 14. Nd4 Nd3+
15. Kd1 Nxf2+ 16. Kc2 Nxh1 17. Be3 Qd7 18. Ne6 Rf7 19. Rxh1 c6 20. Kb1 Bf6 21.
h4 Re8 22. Qg4 cxd5 23. cxd5 Qb5 24. Bc1 Qxd5 25. Nf4 Qb5 26. Rd1 Rc7 27. b3 Qe5
{White resigns} 0-1

[Event "Team 45 45 League T45"]
[Site "Internet Chess Club"]
[Date "2010.05.15"]
[Round "2"]
[White "Ser-Enigma"]
[Black "player12321"]
[Result "1-0"]
[WhiteElo "2161"]
[BlackElo "1890"]
[Opening "Queen's pawn game"]
[ECO "D05"]
[Time "12:35:09"]
[TimeControl "2700+45"]

1. d4 d5 2. Nf3 Nf6 3. e3 e6 4. Bd3 Nbd7 5. b3 Bd6 6. Bb2 Ne4 7. O-O f5 8. Ne5
Qg5 9. f4 Qh6 10. Bxe4 Bxe5 11. Bxd5 Bxf4 12. exf4 exd5 13. Qe2+ Kf7 14. Re1 Qd6
15. Ba3 Qf6 16. Nd2 Qxd4+ 17. Kh1 Nf6 18. Qe7+ Kg6 19. Nf3 Qb6 20. Ne5+ Kh5 21.
Bc5 Qe6 22. Re3 {Black resigns} 1-0

[Event "Team 45 45 League T45"]
[Site "Internet Chess Club"]
[Date "2010.05.15"]
[Round "2"]
[White "qzjackqz"]
[Black "mcplayerus"]
[Result "0-1"]
[WhiteElo "1888"]
[BlackElo "2073"]
[Opening "Scotch game"]
[ECO "C45"]
[Time "12:01:17"]
[TimeControl "2700+45"]

1. e4 e5 2. Nf3 Nc6 3. d4 exd4 4. Nxd4 Bc5 5. Nxc6 Qf6 6. Qd2 Qxc6 7. Bd3 Nf6 8.
O-O O-O 9. e5 Ne4 10. Qf4 d5 11. Be3 f5 12. f3 Bxe3+ 13. Qxe3 Qc5 14. Qxc5 Nxc5
15. Nc3 c6 16. Ne2 Be6 17. Nd4 Rae8 18. f4 h6 19. b4 Nd7 20. h4 Kh8 21. Kf2 a6
22. Nb3 Rf7 23. c3 h5 24. g3 g6 25. Ke3 Rfe7 26. Kd4 Nf8 27. a4 Bc8 28. Nc5 Be6
29. Rfb1 Ra8 30. b5 axb5 31. axb5 Rxa1 32. Rxa1 b6 33. Na4 c5+ 34. Nxc5 bxc5+
35. Kxc5 Rc7+ 36. Kb4 Nd7 37. Ra8+ Kg7 38. Ra6 Nc5 39. b6 Nxd3+ 40. Kb5 Rc5+ 41.
Ka4 Rc4+ 42. Kb5 Bd7+ {White resigns} 0-1

[Event "Team 45 45 League T45"]
[Site "Internet Chess Club"]
[Date "2010.05.14"]
[Round "2"]
[White "AronT"]
[Black "Andruw"]
[Result "1-0"]
[WhiteElo "2037"]
[BlackElo "1856"]
[Opening "Nimzo-Indian: classical variation"]
[ECO "E32"]
[Time "22:30:21"]
[TimeControl "2700+45"]

1. d4 Nf6 2. c4 e6 3. Nc3 Bb4 4. Qc2 b6 5. Nf3 Bb7 6. Bg5 h6 7. Bh4 d5 8. a3
Bxc3+ 9. Qxc3 Nbd7 10. e3 O-O 11. Ne5 Qe8 12. Nxd7 Nxd7 13. cxd5 Bxd5 14. Qxc7
Qc8 15. Qxc8 Rfxc8 16. Bb5 Nf6 17. Bxf6 gxf6 18. Kd2 a6 19. Bd3 f5 20. Rac1 a5
21. f3 Kg7 22. Rc3 Rxc3 23. bxc3 a4 24. c4 Bc6 25. Rb1 Rb8 26. Rb4 Kf6 27. Bc2
Rg8 28. g3 Bxf3 29. Rxb6 h5 30. Bxa4 h4 31. gxh4 Rg2+ 32. Kc3 Rxh2 33. c5 Rxh4
34. c6 Rh8 35. Kb4 Rc8 36. Kc5 e5 37. d5 f4 38. exf4 e4 39. c7+ Kg7 40. d6 e3
41. Bd7 e2 42. Rb1 {Black resigns} 1-0

[Event "Team 45 45 League T45"]
[Site "Internet Chess Club"]
[Date "2010.05.14"]
[Round "2"]
[White "WoadRaider"]
[Black "smitty120"]
[Result "0-1"]
[WhiteElo "1780"]
[BlackElo "1888"]
[Opening "Ruy Lopez: 5.O-O"]
[ECO "C78"]
[Time "22:50:53"]
[TimeControl "2700+45"]

1. e4 e5 2. Nf3 Nc6 3. Bb5 a6 4. Ba4 Nf6 5. O-O b5 6. Bb3 Bc5 7. Nxe5 Nxe5 8. d4
Bxd4 9. Qxd4 d6 10. a4 c5 11. Qd1 c4 12. Ba2 O-O 13. Bg5 h6 14. Bh4 Ng6 15. Bxf6
Qxf6 16. Nc3 Qe5 17. Qd2 Bb7 18. Rfe1 Nf4 19. Rad1 Rad8 20. g3 Nh3+ 21. Kg2 Bc8
22. Qd5 Ng5 23. Qxe5 Bh3+ 24. Kh1 dxe5 25. axb5 axb5 26. Nxb5 Nf3 27. Bxc4 Nxe1
28. Rxe1 Rd2 29. Bd3 Rxf2 30. Kg1 Rd2 31. Nd6 Be6 32. Nf5 Rb8 33. Rb1 Ba2 34.
Rf1 Rxb2 35. Ne7+ Kh7 36. Rf5 Rb1+ 37. Rf1 Rxf1+ 38. Kxf1 Rxh2 39. c4 Rh1+ 40.
Ke2 Rc1 41. Nc6 f6 42. Na5 Kg6 43. Kf2 Kg5 44. Ke2 Bb1 45. Bxb1 Rxb1 46. Kd3 Kg4
47. Kc3 Kxg3 48. Nb3 Rd1 49. Nd2 h5 {White resigns} 0-1

[Event "Team 45 45 League T45"]
[Site "Internet Chess Club"]
[Date "2010.05.17"]
[Round "2"]
[White "smsxman"]
[Black "cityprosecutor"]
[Result "0-1"]
[WhiteElo "1526"]
[BlackElo "1746"]
[Opening "Sicilian: Tartakower variation"]
[ECO "B53"]
[Time "22:01:38"]
[TimeControl "2700+45"]

1. e4 c5 2. Nf3 d6 3. d4 cxd4 4. c3 dxc3 5. Nxc3 e6 6. Bc4 a6 7. O-O b5 8. Bb3
Ra7 9. Be3 Rd7 10. Re1 Be7 11. a4 b4 12. Na2 a5 13. Qd4 Nf6 14. Bc4 O-O 15. Bb5
Rc7 16. Qb6 Rb7 17. Qd4 Bd7 18. Qd3 Bxb5 19. axb5 Qd7 20. e5 dxe5 21. Qxd7 Nfxd7
22. b6 Nxb6 23. Bxb6 Rxb6 24. Nxe5 Bf6 25. Nc4 Rb5 26. Rab1 a4 27. Nd6 Rd5 28.
Ne4 Be7 29. b3 a3 30. Rbd1 Rfd8 31. Rc1 Na6 32. Rc4 Rd1 33. Kf1 f5 34. Ng3 R8d2
35. Rxd1 Rxd1+ 36. Ke2 Ra1 37. Rc2 Rb1 38. Nf1 Rxb3 39. Nd2 Rb2 40. Rxb2 axb2
41. Nb1 Nc7 42. Kd3 Nb5 43. Kc2 Na3+ 44. Kxb2 Nxb1 45. Kxb1 Kf7 46. Kc2 Kf6 47.
Kd3 g5 48. f3 h5 49. h3 Ke5 50. g3 Kd5 51. Nc1 e5 52. Nb3 e4+ 53. fxe4+ fxe4+
54. Kd2 Bd6 55. g4 hxg4 56. hxg4 Bf4+ 57. Ke2 Kc4 58. Na5+ Kc3 59. Kd1 b3 60.
Nxb3 Kxb3 61. Ke2 Kc3 {White resigns} 0-1

[Event "Team 45 45 League T45"]
[Site "Internet Chess Club"]
[Date "2010.05.16"]
[Round "2"]
[White "wavery"]
[Black "dscvdchk"]
[Result "1-0"]
[WhiteElo "1825"]
[BlackElo "1513"]
[Opening "Queen's bishop game"]
[ECO "D02"]
[Time "10:00:45"]
[TimeControl "2700+45"]

1. d4 d5 2. Nf3 Nf6 3. Bf4 e6 4. e3 c5 5. c3 Nc6 6. Nbd2 Bd6 7. Bg3 O-O 8. Bd3
Qe7 9. dxc5 Bxc5 10. e4 dxe4 11. Nxe4 Nxe4 12. Bxe4 Rd8 13. Qc2 g6 14. Bh4 f6
15. O-O Qf7 16. Rfe1 Kg7 17. b4 Bb6 18. a4 a6 19. a5 Bc7 20. Bxc6 bxc6 21. Qe4
Bd7 22. Bg3 Bxg3 23. hxg3 Rac8 24. Nd4 e5 25. Nf3 Bf5 26. Qe3 c5 27. Red1 Qc7
28. Nd2 Rd3 29. Qe2 c4 30. g4 Be6 31. Ne4 Rxd1+ 32. Rxd1 Rd8 33. Nc5 Rxd1+ 34.
Qxd1 Qc6 35. f3 Bc8 36. Qd8 f5 37. g5 e4 38. Qe7+ Kg8 39. fxe4 fxe4 40. Nxe4 Qd5
41. Nf6+ {Black resigns} 1-0

[Event "Team 45 45 League T45"]
[Site "Internet Chess Club"]
[Date "2010.05.15"]
[Round "2"]
[White "froggoathorse"]
[Black "MichaelJames"]
[Result "1-0"]
[WhiteElo "1702"]
[BlackElo "1353"]
[Opening "Ruy Lopez: Berlin defense, open variation"]
[ECO "C67"]
[Time "22:18:28"]
[TimeControl "2700+45"]

1. e4 e5 2. Nf3 Nc6 3. Bb5 Nf6 4. O-O Nxe4 5. Qe2 Nd6 6. Nxe5 Nxe5 7. Qxe5+ Qe7
8. Qxe7+ Bxe7 9. Ba4 O-O 10. Nc3 Nf5 11. Nd5 Bd6 12. d3 c6 13. Nc3 b5 14. Bb3
Bb7 15. Ne4 Be7 16. a4 a6 17. c3 d5 18. Ng3 Nxg3 19. hxg3 c5 20. Bf4 Bf6 21. Bd6
Rfc8 22. axb5 axb5 23. Rxa8 Bxa8 24. Ra1 Bc6 25. Bxc5 Ra8 26. Rxa8+ Bxa8 27. f4
h6 28. Kf2 g5 29. Ke3 Kg7 30. Bd4 Kg6 31. Bxf6 Kxf6 32. Kd4 Ke6 33. Kc5 gxf4 34.
gxf4 Kf5 35. Bxd5 Bxd5 36. Kxd5 Kxf4 37. c4 bxc4 38. dxc4 Kg3 39. c5 Kxg2 40. c6
f5 41. Ke5 h5 42. c7 h4 43. c8=Q h3 44. Kf4 h2 45. Qc2+ Kh1 46. Kf3 f4 47. Qg2#
{Black checkmated} 1-0

[Event "Team 45 45 League T45"]
[Site "Internet Chess Club"]
[Date "2010.05.17"]
[Round "2"]
[White "jjmolina"]
[Black "viking99"]
[Result "1/2-1/2"]
[WhiteElo "1719"]
[BlackElo "1838"]
[Opening "French: Winawer, advance, poisoned pawn variation"]
[ECO "C18"]
[Time "15:05:58"]
[TimeControl "2700+45"]

1. e4 e6 2. d4 d5 3. Nc3 Bb4 4. e5 c5 5. a3 Bxc3+ 6. bxc3 Ne7 7. Qg4 O-O 8. Bd3
Ng6 9. Nf3 cxd4 10. cxd4 f5 11. Qh5 Nh8 12. g4 g6 13. Qh3 Nc6 14. gxf5 exf5 15.
Rg1 f4 16. Qh6 Bf5 17. Bxf5 Rxf5 18. Rg5 Nxd4 19. Rxf5 Nxf3+ 20. Kf1 gxf5 21.
Qxf4 Nxh2+ 22. Qxh2 Rc8 23. f4 Qc7 24. Qg2+ Ng6 25. Qxd5+ Kg7 26. Bb2 Qc4+ 27.
Qxc4 Rxc4 28. Rd1 Rxf4+ 29. Kg2 Re4 30. Rd7+ Kh6 31. Rxb7 Nxe5 32. Rxa7 {Game
drawn by mutual agreement} 1/2-1/2

[Event "Team 45 45 League T45"]
[Site "Internet Chess Club"]
[Date "2010.05.15"]
[Round "2"]
[White "Rookmaster"]
[Black "nityanand"]
[Result "1/2-1/2"]
[WhiteElo "1739"]
[BlackElo "1663"]
[Opening "Scandinavian defense"]
[ECO "B01"]
[Time "11:15:38"]
[TimeControl "2700+45"]

1. e4 d5 2. exd5 Qxd5 3. Nc3 Qa5 4. d4 Nf6 5. Nf3 Bf5 6. Bc4 e6 7. Ne5 c6 8. g4
Bg6 9. Bd2 Nbd7 10. Qe2 Bb4 11. a3 Bxc3 12. Bxc3 Qc7 13. f4 Be4 14. Rg1 Nb6 15.
Bb3 Bd5 16. g5 Nfd7 17. Ba5 Nxe5 18. dxe5 Bxb3 19. cxb3 Qe7 20. Bxb6 axb6 21.
Rd1 Qc5 22. Rg3 O-O 23. b4 Qe7 24. Rgd3 Rfd8 25. Qd2 Rd5 26. Qe3 Qd8 27. Ke2 Qc7
28. h4 Rad8 29. h5 g6 30. h6 R8d7 31. Qe4 Rxd3 32. Rxd3 Rd5 33. Qc4 Qd7 34. Ke3
b5 35. Qc3 Kf8 36. Rd4 Ke8 37. Ke4 Ke7 38. Qc5+ Ke8 39. Qb6 Ke7 40. Qc5+ Ke8 41.
Qb6 Rxd4+ 42. Qxd4 Qd5+ 43. Qxd5 exd5+ 44. Kd4 b6 45. b3 Ke7 46. a4 {Game drawn
by mutual agreement} 1/2-1/2

[Event "Team 45 45 League T45"]
[Site "Internet Chess Club"]
[Date "2010.05.15"]
[Round "2"]
[White "Orichas"]
[Black "Kingofknights"]
[Result "0-1"]
[WhiteElo "1588"]
[BlackElo "1689"]
[Opening "Caro-Kann: Panov-Botvinnik attack"]
[ECO "B13"]
[Time "10:00:21"]
[TimeControl "2700+45"]

1. e4 c6 2. d4 d5 3. exd5 cxd5 4. c4 Nf6 5. Nc3 a6 6. Nf3 e6 7. Bg5 dxc4 8. Bxc4
b5 9. Be2 Bb7 10. O-O h6 11. Bh4 Be7 12. Ne5 Nd5 13. Bxe7 Qxe7 14. Nxd5 Bxd5 15.
Bf3 Qd6 16. Bxd5 Qxd5 17. Rc1 Nd7 18. Nxd7 Qxd7 19. Qf3 O-O 20. Rfd1 Rac8 21.
Rc3 Rxc3 22. bxc3 Rc8 23. Qd3 Qd5 24. Rd2 Qc4 25. Qxc4 Rxc4 26. f4 Rxc3 27. d5
exd5 28. Rxd5 Rc1+ 29. Kf2 Rc2+ 30. Kf3 Rxa2 {White resigns} 0-1

[Event "Team 45 45 League T45"]
[Site "Internet Chess Club"]
[Date "2010.05.17"]
[Round "2"]
[White "DaveTheRook"]
[Black "Sirian"]
[Result "1-0"]
[WhiteElo "1725"]
[BlackElo "1584"]
[Opening "King's Indian: Sämisch, orthodox variation"]
[ECO "E85"]
[Time "19:00:58"]
[TimeControl "2700+45"]

1. d4 Nf6 2. c4 g6 3. Nc3 d6 4. e4 Bg7 5. f3 O-O 6. Be3 e5 7. Nge2 Nc6 8. d5 Ne7
9. Qd2 c6 10. Rc1 Nd7 11. Ng3 Nb8 12. Bd3 Na6 13. O-O Nb4 14. Bb1 Na6 15. Kh1 f5
16. Nge2 f4 17. Bf2 g5 18. dxc6 bxc6 19. Rcd1 Rf6 20. c5 Bd7 21. cxd6 Nc8 22.
Qd3 Nb8 23. a3 h5 24. Ba2+ Kh7 25. Ng1 Rxd6 26. Qe2 Rg6 27. Rd2 Qe7 28. Rfd1 g4
29. Qe1 Nb6 30. Bh4 Bf6 31. Bxf6 Qxf6 32. a4 g3 33. h3 a5 34. Rd3 Qe7 35. R1d2
Ra7 36. Qd1 Na6 37. Rd6 Rxd6 38. Rxd6 Nb4 39. Bb3 Nc8 40. Rd2 Be6 41. Bxe6 Qxe6
42. Rd8 Nb6 43. Rd6 Qe7 44. Nge2 Nc4 45. Rd8 Nxb2 46. Qd2 Nc4 47. Qd1 Ne3 48.
Qd6 Qxd6 49. Rxd6 Rb7 50. Re6 Nc4 51. Kg1 Rd7 52. Kf1 Ne3+ 53. Kg1 Nc4 54. Kf1
Nb2 55. Rxe5 Nxa4 56. Rxh5+ Kg6 57. Nxf4+ Kg7 58. Nxa4 Rd1+ 59. Ke2 Ra1 60. Rxa5
Ra2+ 61. Ke3 c5 62. Ne6+ Kf7 63. Nexc5 Rxg2 64. Ra7+ Kf6 65. Nd3 Nc2+ 66. Kf4
Nd4 67. Ra6+ Ke7 68. Nac5 Rh2 69. Kxg3 Rh1 70. h4 Ne2+ 71. Kg4 Rg1+ 72. Kf5 Nd4+
73. Kf4 Ne2+ 74. Ke5 Rh1 75. Ra7+ Kf8 76. Kf6 Kg8 77. Ne5 Nf4 78. Rg7+ Kh8 79.
Ng6+ Nxg6 80. Rxg6 Rxh4 81. Ne6 Rh7 82. e5 Ra7 83. Rh6+ Kg8 84. Rg6+ Kh8 85. Rg1
Ra6 86. f4 Rc6 87. f5 Rb6 88. Rd1 Rb8 89. Rd8+ Rxd8 90. Nxd8 Kg8 91. e6 Kf8 92.
e7+ Ke8 93. Nc6 Kd7 94. Kf7 Kd6 95. e8=R Kc7 96. Re1 {Black resigns} 1-0

[Event "Team 45 45 League T45"]
[Site "Internet Chess Club"]
[Date "2010.05.16"]
[Round "2"]
[White "Salvatore"]
[Black "joshtournman"]
[Result "1-0"]
[WhiteElo "1583"]
[BlackElo "1503"]
[Opening "Queen's pawn: Chigorin variation"]
[ECO "D00"]
[Time "19:05:05"]
[TimeControl "2700+45"]

1. d4 d5 2. Nc3 e6 3. Nf3 f5 4. Bg5 Be7 5. Bxe7 Nxe7 6. Ne5 Ng6 7. f3 Nxe5 8.
dxe5 Nc6 9. e4 Nxe5 10. exd5 exd5 11. Qe2 Qe7 12. O-O-O Ng6 13. Nxd5 Qxe2 14.
Nxc7+ Kf7 15. Bxe2 Be6 16. Nxa8 Rxa8 17. b3 Nf4 18. Bf1 Rc8 19. g3 Nd5 20. c4 b5
21. Kb2 bxc4 22. Bxc4 Nb4 23. Bxe6+ Kxe6 24. Rhe1+ Kf6 25. Re2 g5 26. Rd6+ Kf7
27. Rd7+ Kg6 28. g4 fxg4 29. fxg4 Rc6 30. Rxa7 Nd3+ 31. Ka3 h5 32. gxh5+ Kxh5
33. Rd2 Nf4 34. Rdd7 Kg4 35. Ra4 Rc2 36. Rh7 Kf3 37. h4 Rh2 38. h5 Nxh5 39. Rf7+
Ke3 40. Rc4 Nf4 41. Re7+ Kd3 42. Rg7 Rh5 43. Rd7+ Ke3 44. Rc3+ Kf2 45. Rd2+ Ke1
46. Rb2 Ne2 47. Re3 Rh2 48. b4 g4 49. b5 Kd1 50. b6 g3 51. Rxg3 Rh5 52. Rg4 Rh3+
53. Kb4 Rh6 54. Ka5 Rh5+ 55. Ka6 Rh6 56. a4 Nc3 57. Rg1# {Black checkmated} 1-0

[Event "Team 45 45 League T45"]
[Site "Internet Chess Club"]
[Date "2010.05.17"]
[Round "2"]
[White "OGO"]
[Black "Mansour1985"]
[Result "1-0"]
[WhiteElo "1663"]
[BlackElo "1554"]
[Opening "Sicilian, Chekhover variation"]
[ECO "B53"]
[Time "13:30:15"]
[TimeControl "2700+45"]

1. e4 c5 2. Nf3 d6 3. d4 cxd4 4. Qxd4 Nc6 5. Bb5 a6 6. Bxc6+ bxc6 7. Nc3 e5 8.
Qd3 Nf6 9. Bg5 Be7 10. O-O-O h6 11. Bxf6 gxf6 12. Rhe1 Qb6 13. Qe3 Qb4 14. Kb1
Rb8 15. b3 a5 16. Ka1 Bd8 17. Na4 Bd7 18. Qc3 Qxc3+ 19. Nxc3 Ke7 20. Rd2 Rg8 21.
Nh4 Rg4 22. g3 Rb4 23. f3 Rg8 24. Red1 Bc7 25. Ng2 h5 26. Ne3 Be6 27. a3 Rbb8
28. Kb2 Bb6 29. Nf1 Bd4 30. Rd3 a4 31. Nd2 Rb7 32. Ka2 axb3+ 33. cxb3 Rgb8 34.
Ne2 c5 35. Rc1 Bd7 36. Nc3 c4 37. Nxc4 Bb5 38. Nd5+ Ke6 39. f4 Ra7 40. f5+ Kd7
41. Nxf6+ Kd8 42. Nd5 Rba8 43. Nde3 Rxa3+ 44. Nxa3 Bxd3 45. Rd1 Bxe4 46. Nc4 Bd5
47. Nxd6 Kd7 48. Nb5 Bf3 49. Rd2 Kc6 50. Nxd4+ exd4 51. Rxd4 Bg4 52. Rf4 Ra5 53.
f6 Re5 54. Rf2 Kd7 55. Nc4 Re2+ 56. Rxe2 Bxe2 57. Kb2 Ke6 58. Kc2 Kxf6 59. Kd2
Bg4 60. Ke3 Ke6 61. Kf4 Bd1 62. Nd2 Kd5 63. Kg5 Kd4 64. Kf6 Kd3 65. Nc4 Bxb3 66.
Ne5+ Ke4 67. Nxf7 Kf3 68. Nh6 Kg2 69. h4 Kxg3 70. Kg5 Bd1 71. Nf5+ Kf2 72. Ng7
Ke3 73. Nxh5 Kd4 74. Nf6 Kc5 75. Ng4 Bc2 76. h5 Kd6 77. Kf6 Kd7 78. h6 Ke8 79.
Kg7 Kd7 80. Ne5+ Ke8 81. Ng6 {Black resigns} 1-0